 Dungeon Crawl Stone Soup version 0.16.1-30-g34a7ffa (webtiles) character file.

13449 Jb9000 the Thrower (level 11, -1/93 HPs)
             Began as a Centaur Fighter on June 24, 2015.
             Was a Priest of Elyvilon.
             Slain by an orc warrior
             ... wielding a +0 halberd
              (14 damage)
             ... on level 4 of the Orcish Mines.
             The game lasted 02:22:24 (20564 turns).

Jb9000 the Thrower (Centaur Fighter)               Turns: 20564, Time: 02:22:25

Health: -1/93      AC: 13    Str: 19    XL:     11   Next: 75%
Magic:  4/4        EV:  8    Int:  8    God:    Elyvilon [***...]
Gold:   1462       SH:  9    Dex: 16    Spells: 1 memorised, 9 levels left

rFire  + + .     SeeInvis +     U - +11 long sword of Extinguishment {antimagic, rF+ rC+ Dex+3}
rCold  + . .     Clarity  .     r - +3 scale mail
rNeg   . . .     SustAb   .     c - +0 shield
rPois  .         Gourm    .     k - +2 hat {SInv}
rElec  .         Spirit   .     C - +0 cloak {+Inv}
rCorr  .         Warding  .     (no gloves)
rMut   .         Stasis   .     (no barding)
MR     .....                    (no amulet)
Stlth  ++........               D - ring of protection from fire
                                N - ring of stealth

@: very quick, not resistant to hostile enchantments, unstealthy
A: hooves 3, thin skeletal structure 1, blink 1, deformed body, speed 2, tough
skin 3, evolution 1
a: Blink, Lesser Healing, Divine Protection, Heal Other, Purification, Renounce
Religion, Evoke Invisibility


You were on level 4 of the Orcish Mines.
You worshipped Elyvilon.
Elyvilon was most pleased with you.
You were not hungry.

You visited 3 branches of the dungeon, and saw 15 of its levels.

You collected 1468 gold pieces.

Inventory:

Hand weapons
 w - a +4 antimagic scythe
 A - a +1 hunting sling
 E - a +0 arbalest
 J - a +3 scimitar of flaming
 T - a +0 blowgun
 U - the +11 long sword of Extinguishment (weapon) {antimagic, rF+ rC+ Dex+3}
   (You found it on level 8 of the Dungeon)

   It disrupts the flow of magical energy around spellcasters and certain
   magical creatures (including the wielder).
   It affects your dexterity (+3).
   It protects you from fire.
   It protects you from cold.
Missiles
 j - 8 silver sling bullets
 p - 2 tomahawks of returning
 q - 6 tomahawks (quivered)
 v - 9 sling bullets of flame
 B - 33 sling bullets
 Z - 22 poisoned needles
Armour
 c - a +0 shield (worn)
 k - a +2 hat of see invisible (worn)
 r - a +3 scale mail (worn)
 z - a +2 helmet
 C - a +0 cloak of invisibility (worn)
Magical staves
 L - an uncursed staff of cold
Jewellery
 u - an uncursed amulet of resist mutation
 y - an uncursed ring of wizardry
 D - a ring of protection from fire (right hand)
 M - an uncursed ring of fire
 N - a ring of stealth (left hand)
 V - an uncursed ring of teleportation
 X - an uncursed ring of flight
Magical devices
 a - a wand of paralysis (16)
 m - a wand of disintegration (14)
 o - a wand of fireball (5)
 x - a wand of paralysis (16)
 F - a wand of disintegration (17)
 H - a wand of enslavement (4)
 R - a wand of flame (14)
Scrolls
 b - a scroll of immolation
 f - 3 scrolls of teleportation
 i - 2 scrolls of amnesia
 K - 4 scrolls of fog
 P - 4 scrolls of remove curse
Potions
 e - 2 potions of might
 g - 2 potions of lignification
 n - 4 potions of cure mutation
 s - 3 potions of agility
 G - a potion of haste
 O - a potion of resistance
Books
 Q - a book of Hinderance

   Spells                             Type                      Level
   a - Confusing Touch                Hexes                        2
   b - Confuse                        Hexes                        3
   c - Petrify                        Transmutation/Earth          4
   d - Metabolic Englaciation         Hexes/Ice                    5
   e - Gell's Gravitas                Hexes/Translocation          5
   f - Summon Mana Viper              Hexes/Summoning              5
 W - a book of Callings

   Spells                             Type                      Level
   a - Summon Small Mammal            Summoning                    1
   b - Call Imp                       Summoning                    2
   c - Call Canine Familiar           Summoning                    3
   d - Summon Guardian Golem          Hexes/Summoning              4
   e - Summon Lightning Spire         Summoning/Air                4
   f - Summon Ice Beast               Ice/Summoning                4
Miscellaneous
 S - a phial of floods
 Y - a plain deck of defence {drawn: 2}
Comestibles
 d - 6 bread rations
 h - 17 chunks of flesh
 l - 14 slices of pizza


   Skills:
 * Level 7.7 Fighting
 * Level 5.7 Long Blades
 - Level 4.1 Polearms
 - Level 7.4(9.0) Slings
 + Level 9.5(10.9) Throwing
 * Level 5.3 Armour
 * Level 5.6 Dodging
 * Level 4.9 Stealth
 * Level 3.0 Shields
 + Level 0.1 Spellcasting
 + Level 2.7 Invocations


You had 9 spell levels left.
You knew the following spells:

 Your Spells              Type           Power        Failure   Level  Hunger
a - Summon Small Mammal   Summ           #...         100%        1    ##.....


Dungeon Overview and Level Annotations

Branches:
Dungeon (10/15)            Temple (1/1) D:4            Lair (0/8) D:8
    Orc (4/4) D:10            Elf (0/3) Orc:3

Altars:
Ashenzari
Cheibriados
Dithmenos
Elyvilon
Fedhas
Gozag
Kikubaaqudgha
Makhleb
Nemelex Xobeh
Okawaru
Qazlal
Ru
Sif Muna
Trog
Vehumet
Xom
Yredelemnul
Zin
The Shining One
Beogh


Innate Abilities, Weirdness & Mutations

You have hooves in place of feet.
Armour fits poorly on your strangely shaped body.
You cover ground very quickly.
You have extremely tough skin (AC +3).
You have a somewhat thin skeletal structure (Dex +2, Stealth).
You can translocate small distances at will.
You evolve.


Message History

Throwing (i - inventory. (,) - cycle):
q - 8 tomahawks (quivered)
Press: ? - help, Shift-Dir - straight line, f - orc warrior
Aim: an orc warrior, wielding a glaive and wearing a plate armour You throw a tomahawk.
The tomahawk hits the orc warrior.
The orc warrior is moderately wounded.
Throwing (i - inventory. (,) - cycle):
q - 7 tomahawks (quivered)
Press: ? - help, Shift-Dir - straight line, f/p - orc warrior
Aim: an orc warrior, wielding a glaive and wearing a plate armour (moderately wounded)
You throw a tomahawk.
The tomahawk hits the orc warrior but does no damage.
The orc warrior is moderately wounded.
You block the orc warrior's attack.
You hit the orc warrior but do no damage.
The orc warrior is moderately wounded.
The orc warrior hits you with a halberd!
The orc completely misses you.
The orc warrior hits you with a glaive!!
* * * LOW HITPOINT WARNING * * *
The orc warrior hits you from afar with a halberd!
You die...

####.....####.......#.#####.
...##...##.....)..######....#
....#...#........####......#
...........)....###........##
...............###..........#
.............)##..o...(<....#
##...........#))).o.(.......#
.##...........))..#o(.......# .
................@..#........# o(
...................###......###o#
##..............##..###.)..((.)..
###...#####..####..##....(.(... 8
#### #####...(.....
.##.###.(..... #....##.(.....
#.....#..(..... #..............


You could see 2 orc warriors and an orc.

Vanquished Creatures
  Gastronok (D:8)
  Erica (Orc:2)
  Maurice (D:8)
  A hill giant (D:10)
  Pikel (D:8)
  A cyclops (D:6)
  A gargoyle (D:8)
  A two-headed ogre (Orc:4)
  2 trolls
  A hungry ghost (D:9)
  3 yaks (D:10)
  Eustachio (D:6)
  A hippogriff (D:9)
  2 wargs (Orc:1)
  A deep elf fighter (D:8)
  Edmund (D:5)
  12 orc warriors
  4 black bears
  2 centaurs
  2 ice beasts
  20 ogres
  A phantom (D:9)
  A necrophage (D:8)
  A slave (D:8)
  4 sky beasts
  3 big kobolds
  Sigmund (D:2)
  A crocodile (D:10)
  6 giant frogs
  The ghost of PhoneixS the Conjurer, an average DECj of Sif Muna (D:3)
  Blork the orc (D:5)
  A scorpion (D:9)
  A wight (D:5)
  A killer bee (D:9)
  2 crimson imps
  6 hounds
  A quasit (D:8)
  A goliath beetle (D:10)
  A centaur zombie (D:10)
  23 orc wizards
  2 jellies (D:6)
  19 orc priests
  2 giant frog skeletons
  3 worker ants
  4 iguanas
  8 ogre zombies (D:10)
  2 sheep (D:6)
  Jessica (D:2)
  The ghost of Razmath the Slasher, a weakling DrGl (D:4)
  3 hound skeletons
  A hound zombie (D:7)
  Robin (D:2)
  3 gnolls (D:9)
  10 adders
  A river rat (D:8)
  A giant mite (D:2)
  3 shadow imps
  5 worms
  4 oozes
  175 orcs
  A ball python (D:2)
  17 bats
  2 bat skeletons (D:6)
  12 giant cockroaches
  29 goblins
  24 hobgoblins
  18 jackals
  23 kobolds
  4 quokkas
  A giant cockroach zombie (D:6)
  8 giant geckos
  9 giant newts
  3 goblin zombies (D:10)
  2 hobgoblin skeletons (D:10)
  2 hobgoblin zombies (D:10)
  An orc skeleton (D:10)
  16 orc zombies (D:10)
  17 rats
  12 ballistomycetes
567 creatures vanquished.

Vanquished Creatures (others)
  2 slaves (D:8)
  An orc (Orc:3)
  A kobold (D:8)
  4 giant spores
  An orc zombie (D:10)
9 creatures vanquished.

Grand Total: 576 creatures vanquished

Notes
Turn   | Place    | Note
--------------------------------------------------------------
     0 | D:1      | Jb9000, the Centaur Fighter, began the quest for the Orb.
     0 | D:1      | Reached XP level 1. HP: 19/19 MP: 1/1
    98 | D:1      | Reached XP level 2. HP: 8/26 MP: 2/2
   865 | D:2      | Found an opulent altar of Gozag.
   877 | D:2      | Reached XP level 3. HP: 27/31 MP: 3/3
  1172 | D:2      | Reached skill level 1 in Stealth
  1564 | D:2      | Reached skill level 1 in Throwing
  1564 | D:2      | Reached XP level 4. HP: 34/38 MP: 3/3
  1844 | D:2      | Noticed Sigmund
  1853 | D:2      | Noticed Jessica
  1866 | D:2      | Killed Sigmund
  1866 | D:2      | Reached XP level 5. HP: 26/45 MP: 1/4
  1870 | D:2      | Killed Jessica
  2427 | D:2      | Noticed Robin
  2459 | D:2      | Killed Robin
  3084 | D:3      | Found a snail-covered altar of Cheibriados.
  3509 | D:3      | Noticed PhoneixS's ghost (average DECj)
  3511 | D:3      | Gained mutation: You can spit poison. [potion of beneficial mutation]
  3520 | D:3      | Killed PhoneixS's ghost
  3520 | D:3      | Reached skill level 1 in Slings
  3520 | D:3      | Reached skill level 1 in Dodging
  3520 | D:3      | Reached XP level 6. HP: 19/51 MP: 1/5
  4141 | D:4      | Found a radiant altar of Vehumet.
  4165 | D:4      | Noticed Razmath's ghost (weakling DrGl)
  4176 | D:4      | Killed Razmath's ghost
  4178 | D:4      | Reached skill level 1 in Polearms
  4181 | D:4      | Reached skill level 4 in Fighting
  4237 | D:4      | Reached XP level 7. HP: 23/59 MP: 1/5
  4593 | D:4      | Found a staircase to the Ecumenical Temple.
  4626 | Temple   | Entered the Ecumenical Temple
  4689 | Temple   | Became a worshipper of Elyvilon the Healer
  5028 | D:5      | Entered Level 5 of the Dungeon
  5145 | D:5      | Noticed Edmund
  5161 | D:5      | Killed Edmund
  5223 | D:5      | Lost mutation: You can spit poison. [potion of cure mutation]
  5478 | D:5      | Acquired Elyvilon's first power
  5761 | D:5      | Noticed Blork the orc
  5769 | D:5      | Killed Blork the orc
  5826 | D:5      | Reached XP level 8. HP: 67/67 MP: 2/6
  6145 | D:6      | Found a basalt altar of Yredelemnul.
  6179 | D:6      | Noticed Eustachio
  6720 | D:6      | Reached skill level 5 in Fighting
  6831 | D:6      | Killed Eustachio
  7301 | D:6      | Noticed a cyclops
  7317 | D:6      | Killed a cyclops
  7317 | D:6      | Reached skill level 5 in Throwing
  8526 | D:6      | Gained mutation: You evolve. [mutagenic meat]
  8615 | D:6      | Reached XP level 9. HP: 74/74 MP: 2/7
  8951 | D:7      | Found a shattered altar of Ashenzari.
  9181 | D:7      | Gained mutation: Your magical capacity is low (-10% MP). [mutagenic meat]
  9230 | D:7      | Acquired Elyvilon's second power
  9241 | D:7      | Found a blossoming altar of Fedhas.
  9375 | D:7      | Found an opulent altar of Gozag.
  9454 | D:7      | Learned a level 1 spell: Summon Small Mammal
 10283 | D:8      | Reached skill level 6 in Throwing
 10332 | D:8      | Noticed a gargoyle
 10786 | D:8      | Killed a gargoyle
 10786 | D:8      | Reached skill level 1 in Invocations
 10877 | D:8      | Got a dazzling long sword
 10981 | D:8      | Noticed Gastronok
 10988 | D:8      | Identified the +11 long sword of Extinguishment {antimagic, rF+ rC+ Dex+3} (You found it on level 8 of the Dungeon)
 11057 | D:8      | HP: 1/75 [Gastronok/the air (16)]
 11059 | D:8      | Elyvilon protects you from harm!
 11078 | D:8      | Killed Gastronok
 11078 | D:8      | Reached skill level 5 in Slings
 11078 | D:8      | Reached XP level 10. HP: 20/84 MP: 0/8
 11391 | D:8      | Found a staircase to the Lair.
 11538 | D:8      | Noticed Pikel
 11553 | D:8      | Killed Pikel
 11605 | D:8      | Noticed Maurice
 11614 | D:8      | Killed Maurice
 11614 | D:8      | Reached skill level 7 in Throwing
 12472 | D:9      | Gained mutation: You can translocate small distances at will. [evolution]
 12811 | D:9      | Found a bloodstained altar of Trog.
 13133 | D:9      | Found a sparkling altar of Nemelex Xobeh.
 13350 | D:10     | Entered Level 10 of the Dungeon
 13927 | D:10     | Found a staircase to the Orcish Mines.
 14106 | D:10     | Noticed a hill giant
 14296 | D:10     | HP: 2/84 [hill giant/giant club (24)]
 14673 | D:10     | Killed a hill giant
 14673 | D:10     | Reached skill level 5 in Dodging
 14831 | D:10     | Gained mutation: Your spells are a little easier to cast, but a little less powerful. [mutagenic meat]
 14832 | D:10     | Lost mutation: Your magical capacity is low (-10% MP). [mutagenic meat]
 14833 | D:10     | Gained mutation: You have a somewhat thin skeletal structure (Dex +2, Stealth). [mutagenic meat]
 15028 | D:10     | Reached XP level 11. HP: 75/92 MP: 4/12
 15032 | D:10     | Acquired Elyvilon's third power
 15317 | D:10     | Reached skill level 8 in Throwing
 15350 | D:10     | Reached skill level 5 in Armour
 16312 | Orc:1    | Entered Level 1 of the Orcish Mines
 16449 | Orc:1    | Lost mutation: Your spells are a little easier to cast, but a little less powerful. [evolution]
 16759 | Orc:1    | Found a roughly hewn altar of Beogh.
 17046 | Orc:2    | Reached skill level 5 in Long Blades
 17491 | Orc:2    | Noticed Erica
 17508 | Orc:2    | Killed Erica
 17508 | Orc:2    | Reached skill level 9 in Throwing
 18042 | Orc:2    | Found a roughly hewn altar of Beogh.
 18530 | Orc:3    | Found a staircase to the Elven Halls.
 19223 | Orc:4    | Entered Level 4 of the Orcish Mines
 20564 | Orc:4    | Slain by an orc warrior

Action                   |  1- 3 |  4- 6 |  7- 9 | 10-12 || total
-------------------------+-------+-------+-------+-------++-------
Melee: Long sword        |   152 |    35 |    14 |   556 ||   757
       Scythe            |       |   115 |   280 |       ||   395
 Fire: Hunting sling     |       |    62 |   184 |   212 ||   458
       Blowgun           |       |       |       |   310 ||   310
Throw: Tomahawk          |    26 |    31 |    31 |    75 ||   163
Invok: Lesser Healing    |       |       |    10 |       ||    10
       Heal Other        |       |       |     3 |     1 ||     4
 Abil: Spit Poison       |       |       |     1 |       ||     1
       Blink             |       |       |       |     1 ||     1
Evoke: Wand              |       |       |     4 |     1 ||     5
       Deck              |       |       |     1 |     1 ||     2
  Use: Scroll            |     5 |     4 |    15 |    10 ||    34
       Potion            |       |     7 |    10 |     3 ||    20
 Stab: Sleeping          |       |       |       |    15 ||    15
       Distracted        |       |       |       |     4 ||     4
  Eat: Chunk             |     2 |     7 |     6 |     7 ||    22
       Meat ration       |       |       |     2 |     2 ||     4
       Bread ration      |       |       |     1 |     3 ||     4
       Beef jerky        |       |       |     1 |       ||     1
       Royal jelly       |       |       |     1 |     1 ||     2
       Pizza             |       |       |       |     1 ||     1
       Fruit             |       |       |       |     1 ||     1
